Map: Terraform LE (Void)

Players

Javert - Winner!

  • Race: Zerg Zerg
  • League: Platinum

khirE

  • Race: Zerg Zerg
  • League: Platinum

VOD

Have the link to the VOD?

Description

Time

  • Played on: Aug. 23, 2015, 12:04 a.m.
  • Length: 12:01
Show
View Real Time Build Order
Export as new Build Order

Javert Zerg - Winner!

Build Orders: Pool First, Lurkers 

Get SALT Encoding   

  12  0:02  Drone  
  13  0:11  Drone  
  14  0:17  Overlord  
  14  0:25  Extractor  
  14  0:26  Drone, Extractor  
  13  0:29  Drone  
  15  0:40  Drone  
  16  0:53  Spawning Pool  
  16  0:54  Drone  
  16  0:56  Drone  
  17  1:07  Drone  
  18  1:18  Drone  
  19  1:41  Hatchery  
  19  1:43  Roach Warren  
  19  1:46  Queen  
  19  1:54  Overlord  
  19  1:57  Drone  
  21  2:01  Drone  
  21  2:11  Drone  
  22  2:26  Roach  
  24  2:31  Roach  
  26  2:38  Overlord  
  26  2:40  Queen  
  28  2:48  Overlord  
  28  2:56  Roach x3  
  34  3:00  Drone  
  35  3:13  Queen  
  35  3:15  Drone x3  
  40  3:25  Roach  
  42  3:33  Roach x3  
  45  3:47  Baneling Nest  
  44  3:49  Spine Crawler, Roach  
  44  3:50  Roach  
  47  4:00  Drone x2  
  47  4:01  Drone x2  
  51  4:09  Overlord  
  51  4:19  Overlord  
  51  4:28  Overlord x2  
  51  4:35  Roach x3  
  49  4:59  Roach x4  
  51  5:00  Drone  
  51  5:01  Drone x4  
  56  5:11  Drone, Extractor  
  56  5:19  Drone x2  
  58  5:24  Hatchery  
  57  5:30  Drone x3  
  60  5:36  Drone x3  
  63  5:48  Drone x2  
  65  5:51  Extractor  
  65  5:52  Extractor  
  65  5:55  Evolution Chamber  
  62  5:58  Evolution Chamber  
  62  5:59  Drone x5  
  66  6:05  Queen  
  66  6:10  Lair  
  68  6:22  Zerg Missile Weapons Level 1  
  68  6:23  Roach x3  
  74  6:31  Drone x4  
  74  6:32  Drone  
  79  6:39  Drone x3  
  82  6:47  Zerg Ground Armor Level 1  
  82  6:48  Overlord  
  84  6:54  Ravager x3  
  84  6:59  Drone x2  
  84  7:00  Drone x3  
  90  7:01  Overlord  
  90  7:07  Ravager  
  90  7:08  Ravager  
  92  7:09  Overlord  
  92  7:12  Drone  
  92  7:13  Drone x3  
  96  7:16  Extractor  
  96  7:17  Extractor  
  94  7:23  Drone  
  94  7:24  Drone  
  96  7:34  Glial Reconstitution  
  96  7:41  Roach  
  96  7:42  Roach x7  
  112  7:50  Drone x2  
  114  7:52  Overlord x3  
  114  7:58  Overseer  
  114  7:59  Overlord  
  114  8:00  Overlord  
  114  8:06  Overlord x2  
  114  8:08  Overlord  
  103  8:25  Roach  
  103  8:26  Roach x7  
  117  8:44  Overlord, Zerg Ground Armor Level 2, Zerg Missile Weapons Level 2  
  117  8:46  Drone  
  117  8:47  Drone x5  
  123  8:52  Overlord x2  
  123  9:00  Hydralisk Den  
  123  9:01  Overlord  
  100  9:18  Roach x5  
  100  9:19  Roach x4  
  100  9:23  Lurker Den  
  98  9:34  Roach x6  
  110  9:40  Hydralisk x2  
  110  9:41  Hydralisk  
  116  9:47  Pneumatized Carapace  
  116  9:49  Drone x4  
  120  9:53  Spine Crawler  
  120  9:56  Ravager  
  120  9:57  Ravager x2  
  120  9:58  Ravager  
  123  10:00  Hydralisk x2  
  129  10:07  Roach x3  
  133  10:14  Overlord  
  133  10:15  Overlord  
  131  10:27  Hydralisk x6  
  141  10:33  Overlord  
  141  10:34  Overlord  
  128  11:03  Roach x7  
  128  11:04  Roach x4  
  138  11:11  Hatchery, Extractor  
  130  11:14  Extractor  
  126  11:22  Overlord x2  
  126  11:27  Spine Crawler  
  126  11:28  Spine Crawler  
  126  11:31  Lurker  
  126  11:32  Lurker x5  
  130  11:34  Roach x7  
Show
View Real Time Build Order
Export as new Build Order

khirE Zerg 

Build Orders: Pool First 

Get SALT Encoding   

  12  0:03  Drone  
  13  0:13  Overlord  
  13  0:18  Drone  
  14  0:31  Drone x2  
  16  0:36  Drone  
  16  0:39  Extractor  
  16  0:47  Spawning Pool  
  15  0:52  Drone  
  16  1:19  Hatchery  
  15  1:35  Queen  
  15  1:36  Zergling x2  
  18  1:42  Metabolic Boost  
  18  1:49  Overlord  
  18  1:52  Drone  
  19  2:10  Overlord  
  19  2:11  Queen  
  21  2:19  Zergling x4  
  23  2:23  Zergling x2  
  24  2:31  Zergling x2  
  24  2:33  Zergling x2  
  26  2:43  Zergling x6  
  29  2:45  Zergling x2  
  30  2:57  Roach Warren  
  29  3:01  Zergling x4  
  29  3:05  Zergling x4  
  33  3:14  Drone  
  33  3:16  Drone x2  
  32  3:44  Drone x3  
  35  3:49  Overlord  
  35  3:54  Roach x3  
  41  3:56  Roach  
  43  4:03  Overlord  
  43  4:15  Drone x3  
  45  4:26  Roach x3  
  49  4:32  Roach x2  
  49  4:37  Roach  
  55  4:44  Roach  
  52  4:49  Roach  
  52  4:59  Queen  
  52  5:06  Drone x3  
  55  5:11  Drone  
  55  5:12  Drone x3  
  59  5:26  Drone  
  60  5:29  Overlord x2  
  60  5:37  Lair  
  60  5:39  Extractor  
  60  5:40  Overlord x2  
  59  5:50  Evolution Chamber  
  59  5:51  Evolution Chamber  
  59  5:56  Drone x5  
  62  6:00  Drone x2  
  64  6:12  Drone  
  64  6:13  Extractor  
  64  6:17  Drone x2  
  66  6:20  Roach x3  
  72  6:27  Roach x3  
  72  6:30  Roach  
  80  6:36  Zerg Missile Weapons Level 1  
  80  6:38  Overlord  
  80  6:48  Roach  
  80  6:49  Roach x3  
  88  6:54  Overlord  
  88  6:58  Drone, Extractor  
  88  6:59  Drone  
  89  7:01  Drone  
  89  7:02  Drone, Glial Reconstitution  
  91  7:29  Roach  
  97  7:30  Roach x6  
  105  7:37  Overlord x2  
  105  8:02  Drone x4  
  105  8:04  Roach, Zerg Ground Armor Level 1  
  105  8:05  Roach x2  
  105  8:17  Roach x4  
  111  8:28  Hatchery  
  111  8:29  Roach x2  
  111  8:33  Overlord x2  
  114  8:34  Zerg Missile Weapons Level 2  
  114  8:37  Queen  
  116  8:57  Overlord x2  
  116  9:01  Overseer  
  116  9:02  Hatchery  
  101  9:10  Roach  
  101  9:11  Roach x6  
  95  9:21  Roach x2  
  95  9:22  Roach  
  91  9:26  Roach  
  85  9:37  Roach x2  
  85  9:38  Roach x2  
  93  9:50  Roach x4  
  101  10:11  Roach  
  101  10:12  Roach x7  
  115  10:24  Roach  
  115  10:25  Roach x5  
  125  10:29  Queen  
  97  11:04  Roach  
  97  11:05  Hydralisk Den, Roach x10  
  104  11:20  Roach x4  
  104  11:21  Roach x2  
Tags
 
Add a new tag
Caveats
  • Supply blocks, unpowered buildings, or Contaminate may cause inaccurate times.
  • Supply counts are checked every 10 seconds.